 Dungeon Crawl Stone Soup version 0.21.1-1-g345015fe64 (webtiles) character file.

100 Razbojnik the Conjurer (level 4, -3/24 HPs)
             Began as a Deep Elf Conjurer on July 27, 2018.
             Killed by nerve-wracking pain
             ... invoked by Grinder
              (14 damage)
             ... on level 3 of the Dungeon.
             The game lasted 00:05:23 (2236 turns).

Razbojnik the Conjurer (Deep Elf Conjurer)          Turns: 2236, Time: 00:05:25

Health: -3/24      AC:  2    Str:  5    XL:     4   Next: 47%
Magic:  1/12       EV: 13    Int: 21    God:
Gold:   156        SH:  0    Dex: 15    Spells: 5/11 levels left

rFire    . . .     SeeInvis .   h - +0 dagger
rCold    . . .     Gourm    .   (no shield)
rNeg     . . .     Faith    .   a - +0 robe
rPois    .         Spirit   .   (no helmet)
rElec    .         Reflect  .   (no cloak)
rCorr    .         Harm     .   (no gloves)
MR       .....                  (no boots)
Stlth    ++........             (no amulet)
HPRegen  0.08/turn              (no ring)
MPRegen  0.13/turn              (no ring)

@: very slightly contaminated
A: no striking features
a: no special abilities


You were on level 3 of the Dungeon.
You were not hungry.

You visited 1 branch of the dungeon, and saw 3 of its levels.

You collected 156 gold pieces.

Inventory:

Hand Weapons
 h - a +0 dagger (weapon)
 r - a +4 spear
Missiles
 i - 119 stones (quivered)
 n - a throwing net
 t - 17 poisoned needles
Armour
 a - a +0 robe (worn)
Scrolls
 d - a scroll of immolation {unknown}
 e - a scroll of random uselessness {unknown}
 l - 2 scrolls of identify {unknown}
 m - a scroll of noise {unknown}
 p - a scroll of enchant weapon {unknown}
 q - 2 scrolls of remove curse {unknown}
 s - a scroll of teleportation {unknown}
 u - a scroll of amnesia {unknown}
 w - a scroll of fog {unknown}
Potions
 f - 2 potions of heal wounds {unknown}
 g - a potion of haste {unknown}
 j - a potion of curing {unknown}
 k - 3 potions of flight {unknown}
 o - a potion of cancellation {unknown}
Books
 b - a book of Conjurations

   Spells                             Type                      Level
   a - Magic Dart                     Conjuration                  1
   b - Searing Ray                    Conjuration                  2
   c - Dazzling Spray                 Conjuration/Hexes            3
   d - Fulminant Prism                Conjuration/Hexes            4
   e - Force Lance                    Conjuration/Translocation    4
   f - Iskenderun's Mystic Blast      Conjuration                  4
Comestibles
 c - 7 rations
 v - a chunk of flesh


   Skills:
 - Level 2.4 Dodging
 - Level 2.4 Stealth
 - Level 4.3 Spellcasting
 - Level 5.1 Conjurations
 + Level 3.3 Hexes


You had 5 spell levels left.
You knew the following spells:

 Your Spells              Type           Power        Failure   Level  Hunger
a - Magic Dart            Conj           ####         1%          1    None
b - Searing Ray           Conj           ####..       1%          2    #......
c - Dazzling Spray        Conj/Hex       ###...       6%          3    ##.....


Dungeon Overview and Level Annotations

Branches:
Dungeon (3/15)

Altars:
Dithmenos
Nemelex Xobeh

Annotations:
D:3 Grinder


Message History

Aim: Grinder (moderately wounded, blind)
The searing ray hits Grinder.
Grinder is moderately wounded. (Press . to maintain the ray.) Grinder is no longer blind.
Grinder gestures at you.
You barely resist.
The searing ray hits Grinder.
Grinder is moderately wounded.
Grinder gestures at you. You resist with significant effort.
The searing ray hits Grinder.
Grinder is moderately wounded.
The searing ray hits Grinder.
Grinder is severely wounded.
You finish channeling your searing ray.
Grinder gestures at you. Pain shoots through your body!
Ouch! That really hurt!
You die...

#...# #####.###. #.#.#
#.....†... #.#.#
#......... ##...#
#.(....... #...##
#####..... #.#.# #..##.
#######.#.# #..##.
#....##.#5# ##..##.
#........@####### ##...###
#....##.#.>.....###....#
#######.#.#####........###
##.#.# #####.......
##..#.# ####...###.
#..##.# #......# ##
#.###.# #.###..# #.# #.#
##.##...#### #.# #.#
#.........##


You could see Grinder.

Vanquished Creatures
  A hound skeleton (D:3)
  2 adders (D:2)
  An ooze (D:2)
  2 worms
  2 dart slugs
  2 leopard geckos
  3 giant cockroaches (D:2)
  3 goblins
  5 hobgoblins
  10 jackals
  4 kobolds
  7 bats
  6 frilled lizards
  3 rats (D:1)
51 creatures vanquished.

Notes
Turn   | Place    | Note
-------+----------+-------------------------------------------
     0 | D:1      | Razbojnik the Deep Elf Conjurer began the quest for the Orb.
     0 | D:1      | Reached XP level 1. HP: 10/10 MP: 6/6
   249 | D:1      | Reached XP level 2. HP: 15/15 MP: 5/8
   315 | D:1      | Learned a level 2 spell: Searing Ray
   901 | D:2      | Reached skill level 5 in Conjurations
   901 | D:2      | Reached XP level 3. HP: 19/19 MP: 2/10
  1173 | D:2      | Learned a level 3 spell: Dazzling Spray
  1287 | D:2      | Found a sparkling altar of Nemelex Xobeh.
  1325 | D:2      | Reached skill level 1 in Hexes
  1545 | D:2      | Reached XP level 4. HP: 22/24 MP: 10/12
  2217 | D:3      | Found a shadowy altar of Dithmenos.
  2221 | D:3      | Noticed Grinder
  2236 | D:3      | Killed from afar by Grinder

Skill      XL: |  1  2  3  4 |
---------------+-------------+-----
Spellcasting   | 4 |  4.3
Conjurations   | 5 |  5.1
Hexes          | 2 3 |  3.3
Dodging        | |  2.4
Stealth        | |  2.4

Action                   |  1- 3 |  4- 6 || total
-------------------------+-------+-------++-------
Melee: Dagger            |    14 |     1 ||    15
 Cast: Magic Dart        |    60 |    20 ||    80
       Searing Ray       |     7 |     4 ||    11
       Dazzling Spray    |       |     1 ||     1
 Stab: Sleeping          |     2 |       ||     2
  Eat: Chunk             |     2 |     2 ||     4
Armor: Robe              |     4 |       ||     4
Dodge: Dodged            |    14 |     3 ||    17
